General information
			 
			
        
        - name: BNet
- type: Ladder team game (AT/RT)
- host: Battle.net
- saver: BEAR_AND
 map: Monsoon
- players: 6
- length: 59:54
- speed: Fast
- version: 1.21 W3XP
- replay type:   
 » download(351 KB)
Players
        team 1 (winner) 
              
               BEAR_AND
BEAR_AND (
red | 84 APM | 5020 actions | 59:54)
              
 9 Tauren Chieftain
 9 Tauren Chieftain  3
 3 Shockwave
 3
 3 Endurance Aura
 1
 1 Reincarnation
 2
 2 War Stomp
 1 Warden
 1 Warden  1
 1 Fan of Knives
                | Assign group hotkey | 40 |  | 
| Basic commands | 9 |  | 
| Build / train | 119 |  | 
| Enter build submenu | 152 |  | 
| Enter hero's abilities submenu | 10 |  | 
| Give item / drop item | 15 |  | 
| Remove unit from queue | 5 |  | 
| Right click | 2633 |  | 
| Select / deselect | 640 |  | 
| Select group hotkey | 877 |  | 
| Use ability | 520 |  | 
                5020 total
 » units 
                » upgrades
                
                | Spiked Barricades | 1 |  | 
| Liquid Fire | 1 |  | 
| Ranged Weapons | 3 |  | 
| Reinforced Defenses | 1 |  | 
                6 total
 » buildings
                
                | Orc Burrow | 3 |  | 
| Altar of Storms | 1 |  | 
| War Mill | 2 |  | 
| Watch Tower | 125 |  | 
| Stronghold | 2 |  | 
| Voodoo Lounge | 2 |  | 
| Beastiary | 2 |  | 
| Great Hall | 5 |  | 
| Fortress | 1 |  | 
                143 total
 » build order
                00:18 Orc Burrow
00:26 Altar of Storms
00:49 War Mill
02:03 Watch Tower
02:09 Watch Tower
02:27 Watch Tower
02:54 Watch Tower
03:45 Stronghold
03:45 Stronghold
04:09 Watch Tower
04:18 Voodoo Lounge
04:31 Watch Tower
04:50 Watch Tower
05:18 Watch Tower
05:36 Watch Tower
05:39 Watch Tower
06:19 Watch Tower
06:24 Beastiary
07:02 Great Hall
07:07 Watch Tower
07:21 Watch Tower
07:24 Watch Tower
07:47 Watch Tower
07:48 Watch Tower
07:57 Orc Burrow
08:12 Watch Tower
08:31 Beastiary
08:39 Watch Tower
09:13 Orc Burrow
09:26 Watch Tower
09:47 Watch Tower
10:09 Watch Tower
10:11 Watch Tower
10:20 Watch Tower
10:37 Fortress
10:56 Watch Tower
10:58 Watch Tower
11:16 Watch Tower
12:24 Watch Tower
14:58 Watch Tower
14:58 Watch Tower
16:48 Watch Tower
16:57 Watch Tower
17:01 Watch Tower
17:10 Watch Tower
17:13 Watch Tower
17:58 Watch Tower
18:04 Watch Tower
18:11 Watch Tower
18:12 Watch Tower
19:48 Great Hall
19:52 Great Hall
19:54 Watch Tower
19:55 Watch Tower
19:56 Watch Tower
19:57 Watch Tower
20:16 Watch Tower
25:34 Watch Tower
25:35 Watch Tower
25:36 Watch Tower
25:37 Watch Tower
25:38 Watch Tower
26:45 Watch Tower
26:52 Watch Tower
26:53 Watch Tower
26:59 Watch Tower
27:01 Great Hall
27:53 Watch Tower
27:56 Watch Tower
27:57 Watch Tower
27:58 Watch Tower
28:05 Watch Tower
28:05 Watch Tower
28:20 Watch Tower
29:11 Watch Tower
29:12 Watch Tower
29:13 Watch Tower
29:14 Watch Tower
29:14 Watch Tower
29:15 Watch Tower
30:17 Watch Tower
30:23 Watch Tower
30:23 Watch Tower
30:25 Watch Tower
30:41 Watch Tower
30:42 Watch Tower
31:58 Watch Tower
31:58 Watch Tower
33:45 Watch Tower
33:45 Watch Tower
33:46 Watch Tower
33:47 Watch Tower
33:49 Watch Tower
34:13 Watch Tower
34:14 Watch Tower
34:34 Watch Tower
34:35 Watch Tower
35:15 Watch Tower
35:16 Watch Tower
35:16 Watch Tower
35:18 Watch Tower
35:19 Watch Tower
35:20 Watch Tower
35:51 Watch Tower
36:34 Watch Tower
36:35 Watch Tower
36:37 Watch Tower
36:41 Watch Tower
36:42 Watch Tower
36:43 Watch Tower
37:11 Voodoo Lounge
37:15 Watch Tower
37:25 Watch Tower
38:07 Watch Tower
38:08 Watch Tower
38:08 Watch Tower
38:09 Watch Tower
39:16 Watch Tower
39:17 Watch Tower
39:18 Watch Tower
39:18 Watch Tower
39:19 Watch Tower
39:20 Watch Tower
39:27 Watch Tower
39:28 Watch Tower
39:29 Watch Tower
39:30 Watch Tower
40:52 War Mill
41:09 Watch Tower
41:10 Watch Tower
41:11 Watch Tower
41:14 Watch Tower
41:17 Watch Tower
43:44 Great Hall
43:47 Watch Tower
43:47 Watch Tower
43:50 Watch Tower
45:06 Watch Tower
45:09 Watch Tower
45:13 Watch Tower
45:42 Watch Tower
45:44 Watch Tower
47:28 Watch Tower
» items
                
                | Boots of Speed | 1 |  | 
| Staff of Teleportation | 1 |  | 
| Healing Salve | 5 |  | 
| Lesser Clarity Potion | 10 |  | 
| Orb of Lightning | 1 |  | 
| Scroll of Town Portal | 2 |  | 
| Potion of Mana | 1 |  | 
| Anti-magic Potion | 1 |  | 
                22 total
  
              
               dirtmcwordup
dirtmcwordup (
blue | 44 APM | 2617 actions | 59:53)
              
 7 Pit Lord
 7 Pit Lord  3
 3 Rain of Fire
 3
 3 Howl of Terror
 1
 1 Doom
 1 Warden
 1 Warden  1
 1 Fan of Knives
                | Assign group hotkey | 4 |  | 
| Basic commands | 66 |  | 
| Build / train | 143 |  | 
| ESC pressed | 13 |  | 
| Enter build submenu | 161 |  | 
| Enter hero's abilities submenu | 8 |  | 
| Give item / drop item | 2 |  | 
| Right click | 990 |  | 
| Select / deselect | 430 |  | 
| Select group hotkey | 370 |  | 
| Use ability | 430 |  | 
                2617 total
 » units 
                » upgrades
                
                | Masonry | 3 |  | 
| Lumber Harvesting | 1 |  | 
| Magic Sentry | 1 |  | 
| Cloud | 1 |  | 
| Animal War Training | 1 |  | 
| Armor | 2 |  | 
| Swords | 2 |  | 
                11 total
 » buildings
                
                | Lumber Mill | 2 |  | 
| Altar of Kings | 1 |  | 
| Farm | 11 |  | 
| Scout Tower | 282 |  | 
| Arcane Tower | 3 |  | 
| Guard Tower | 69 |  | 
| Town Hall | 2 |  | 
| Keep | 3 |  | 
| Arcane Vault | 2 |  | 
| Arcane Sanctum | 1 |  | 
| Blacksmith | 2 |  | 
| Gryphon Aviary | 15 |  | 
| Castle | 1 |  | 
| Barracks | 1 |  | 
| Workshop | 3 |  | 
| Cannon Tower | 6 |  | 
| Ancient of Wonders | 2 |  | 
                406 total
 » build order
                00:07 Lumber Mill
00:28 Altar of Kings
00:32 Farm
01:01 Scout Tower
01:03 Farm
01:09 Scout Tower
01:35 Arcane Tower
01:37 Scout Tower
01:50 Arcane Tower
02:05 Guard Tower
02:10 Scout Tower
02:11 Scout Tower
02:20 Scout Tower
02:21 Scout Tower
02:23 Scout Tower
02:25 Scout Tower
02:25 Scout Tower
02:50 Guard Tower
02:52 Scout Tower
02:53 Scout Tower
03:08 Guard Tower
04:02 Guard Tower
04:04 Scout Tower
04:05 Scout Tower
04:06 Scout Tower
04:06 Scout Tower
04:10 Scout Tower
04:15 Scout Tower
04:17 Guard Tower
05:56 Town Hall
06:02 Guard Tower
06:06 Scout Tower
06:07 Scout Tower
06:08 Scout Tower
06:09 Scout Tower
06:11 Scout Tower
06:12 Scout Tower
06:13 Scout Tower
06:14 Scout Tower
06:15 Scout Tower
06:17 Scout Tower
06:22 Guard Tower
06:29 Scout Tower
06:30 Scout Tower
06:53 Scout Tower
06:55 Scout Tower
07:11 Guard Tower
07:34 Guard Tower
07:48 Scout Tower
07:49 Scout Tower
07:50 Scout Tower
07:51 Scout Tower
07:51 Scout Tower
08:03 Scout Tower
08:03 Scout Tower
08:04 Scout Tower
08:05 Scout Tower
08:23 Keep
08:24 Keep
08:27 Guard Tower
08:37 Guard Tower
08:45 Guard Tower
08:49 Guard Tower
08:51 Scout Tower
08:52 Scout Tower
08:56 Scout Tower
08:57 Scout Tower
09:14 Scout Tower
09:16 Scout Tower
09:17 Scout Tower
09:18 Scout Tower
10:00 Guard Tower
10:05 Guard Tower
10:14 Guard Tower
10:24 Arcane Vault
10:27 Guard Tower
10:35 Guard Tower
10:39 Scout Tower
10:40 Scout Tower
10:41 Scout Tower
10:41 Scout Tower
10:42 Scout Tower
10:44 Guard Tower
10:46 Scout Tower
10:46 Scout Tower
10:47 Scout Tower
10:48 Scout Tower
10:48 Scout Tower
10:49 Scout Tower
10:49 Scout Tower
10:50 Scout Tower
10:56 Scout Tower
10:57 Scout Tower
10:57 Scout Tower
10:58 Scout Tower
10:59 Scout Tower
10:59 Scout Tower
11:02 Scout Tower
11:03 Scout Tower
11:03 Scout Tower
11:04 Scout Tower
11:05 Scout Tower
11:05 Scout Tower
11:06 Scout Tower
11:07 Scout Tower
11:26 Arcane Sanctum
11:28 Blacksmith
11:33 Guard Tower
11:40 Scout Tower
11:41 Scout Tower
11:42 Scout Tower
11:44 Scout Tower
11:45 Scout Tower
11:46 Scout Tower
12:20 Guard Tower
12:22 Guard Tower
12:24 Guard Tower
13:03 Guard Tower
13:14 Scout Tower
13:16 Scout Tower
13:18 Scout Tower
13:21 Scout Tower
13:22 Scout Tower
13:27 Lumber Mill
13:29 Guard Tower
13:37 Guard Tower
13:41 Scout Tower
13:41 Scout Tower
13:42 Scout Tower
13:43 Scout Tower
13:43 Scout Tower
13:44 Scout Tower
13:47 Scout Tower
13:48 Scout Tower
13:49 Scout Tower
13:49 Scout Tower
14:19 Guard Tower
14:48 Guard Tower
15:28 Scout Tower
15:28 Scout Tower
15:30 Scout Tower
15:31 Scout Tower
15:33 Scout Tower
15:36 Scout Tower
15:37 Scout Tower
15:38 Scout Tower
15:39 Scout Tower
15:42 Scout Tower
15:43 Scout Tower
15:44 Scout Tower
15:44 Scout Tower
15:45 Scout Tower
15:45 Scout Tower
15:46 Scout Tower
15:49 Scout Tower
15:50 Scout Tower
15:50 Scout Tower
15:51 Scout Tower
15:58 Scout Tower
16:00 Scout Tower
16:02 Guard Tower
16:06 Guard Tower
16:39 Guard Tower
16:43 Scout Tower
16:45 Scout Tower
16:49 Gryphon Aviary
17:00 Castle
17:02 Guard Tower
17:06 Guard Tower
17:44 Scout Tower
17:45 Scout Tower
17:45 Scout Tower
17:46 Scout Tower
17:47 Scout Tower
17:51 Guard Tower
19:09 Guard Tower
19:12 Scout Tower
19:13 Scout Tower
19:14 Scout Tower
19:15 Scout Tower
19:34 Scout Tower
19:34 Scout Tower
19:35 Scout Tower
19:36 Scout Tower
19:37 Scout Tower
19:37 Scout Tower
19:38 Scout Tower
19:39 Scout Tower
19:39 Scout Tower
19:40 Scout Tower
19:51 Guard Tower
19:56 Guard Tower
20:02 Scout Tower
20:03 Scout Tower
20:04 Scout Tower
20:04 Scout Tower
20:05 Scout Tower
20:06 Scout Tower
20:06 Scout Tower
20:07 Scout Tower
20:08 Scout Tower
20:08 Scout Tower
21:01 Guard Tower
21:06 Arcane Tower
21:24 Barracks
21:29 Guard Tower
22:09 Blacksmith
22:42 Farm
22:43 Farm
22:44 Farm
22:44 Farm
22:46 Farm
22:47 Farm
22:47 Farm
22:51 Farm
22:51 Farm
26:08 Workshop
26:15 Scout Tower
26:16 Scout Tower
26:17 Scout Tower
26:17 Scout Tower
26:19 Scout Tower
26:20 Scout Tower
26:21 Scout Tower
26:31 Scout Tower
26:32 Scout Tower
26:35 Scout Tower
26:35 Scout Tower
26:37 Scout Tower
26:39 Scout Tower
27:28 Workshop
27:32 Workshop
28:43 Cannon Tower
28:47 Cannon Tower
28:50 Cannon Tower
28:54 Cannon Tower
28:58 Cannon Tower
29:40 Cannon Tower
33:12 Scout Tower
33:13 Scout Tower
33:14 Scout Tower
33:15 Scout Tower
33:16 Scout Tower
33:16 Scout Tower
33:17 Scout Tower
33:17 Scout Tower
33:18 Scout Tower
33:18 Scout Tower
33:22 Scout Tower
33:23 Scout Tower
33:24 Scout Tower
33:24 Scout Tower
33:25 Scout Tower
33:25 Scout Tower
33:26 Scout Tower
33:27 Scout Tower
33:28 Scout Tower
33:28 Scout Tower
33:40 Scout Tower
33:40 Scout Tower
33:54 Guard Tower
33:58 Guard Tower
34:27 Guard Tower
34:29 Guard Tower
34:31 Guard Tower
34:44 Guard Tower
34:53 Guard Tower
34:56 Scout Tower
34:58 Scout Tower
35:05 Scout Tower
35:09 Town Hall
35:25 Guard Tower
35:32 Guard Tower
35:38 Arcane Vault
35:41 Scout Tower
35:45 Scout Tower
35:50 Scout Tower
35:51 Scout Tower
35:52 Scout Tower
35:54 Scout Tower
35:55 Scout Tower
36:01 Scout Tower
36:02 Scout Tower
36:22 Scout Tower
36:24 Scout Tower
36:25 Scout Tower
36:27 Scout Tower
36:28 Scout Tower
36:30 Scout Tower
36:32 Scout Tower
36:40 Guard Tower
36:43 Scout Tower
36:46 Scout Tower
36:47 Scout Tower
36:50 Scout Tower
36:50 Scout Tower
36:51 Scout Tower
36:51 Scout Tower
36:52 Scout Tower
36:52 Scout Tower
36:55 Scout Tower
36:56 Scout Tower
36:56 Scout Tower
36:57 Scout Tower
36:57 Scout Tower
37:17 Guard Tower
37:20 Scout Tower
37:23 Scout Tower
37:23 Scout Tower
37:24 Scout Tower
37:25 Scout Tower
37:25 Scout Tower
37:29 Scout Tower
37:29 Scout Tower
37:30 Scout Tower
37:32 Scout Tower
37:43 Scout Tower
37:44 Scout Tower
37:45 Scout Tower
37:46 Scout Tower
37:51 Guard Tower
37:58 Guard Tower
38:20 Guard Tower
38:22 Scout Tower
38:24 Scout Tower
38:25 Scout Tower
38:26 Scout Tower
38:27 Scout Tower
38:28 Scout Tower
38:29 Scout Tower
38:37 Scout Tower
38:38 Scout Tower
38:40 Scout Tower
38:41 Scout Tower
38:57 Guard Tower
39:08 Guard Tower
39:18 Guard Tower
40:24 Guard Tower
40:28 Scout Tower
40:30 Scout Tower
40:31 Scout Tower
40:34 Scout Tower
40:43 Scout Tower
40:44 Scout Tower
40:52 Guard Tower
40:57 Scout Tower
41:02 Scout Tower
41:05 Scout Tower
41:44 Guard Tower
42:27 Guard Tower
42:52 Scout Tower
43:13 Guard Tower
43:21 Scout Tower
43:22 Scout Tower
43:24 Scout Tower
43:24 Scout Tower
43:34 Scout Tower
43:35 Scout Tower
43:36 Scout Tower
43:36 Scout Tower
43:39 Scout Tower
43:40 Scout Tower
44:06 Guard Tower
44:13 Guard Tower
44:30 Guard Tower
44:42 Scout Tower
44:45 Scout Tower
44:46 Scout Tower
44:49 Scout Tower
44:49 Scout Tower
44:53 Scout Tower
45:08 Guard Tower
45:33 Guard Tower
47:30 Guard Tower
48:43 Scout Tower
48:44 Scout Tower
48:46 Scout Tower
48:47 Scout Tower
48:48 Scout Tower
48:50 Scout Tower
48:52 Scout Tower
50:20 Guard Tower
52:35 Guard Tower
53:48 Ancient of Wonders
53:48 Ancient of Wonders
58:11 Gryphon Aviary
58:17 Gryphon Aviary
58:18 Gryphon Aviary
58:19 Gryphon Aviary
58:22 Gryphon Aviary
58:25 Gryphon Aviary
58:26 Gryphon Aviary
59:18 Gryphon Aviary
59:19 Gryphon Aviary
59:23 Gryphon Aviary
59:24 Gryphon Aviary
59:25 Gryphon Aviary
59:26 Gryphon Aviary
59:27 Gryphon Aviary
59:41 Scout Tower
59:43 Scout Tower
59:44 Scout Tower
59:45 Scout Tower
59:46 Scout Tower
59:47 Scout Tower
» items
                
                | Boots of Speed | 1 |  | 
| Staff of Teleportation | 1 |  | 
| Healing Salve | 1 |  | 
| Lesser Clarity Potion | 2 |  | 
| Orb of Venom | 1 |  | 
| Scroll of Town Portal | 2 |  | 
| Potion of Healing | 1 |  | 
| Anti-magic Potion | 3 |  | 
                12 total
  
              
               Mata.
Mata. (
teal | 94 APM | 4128 actions | 43:53)
              
 8 Warden
 8 Warden  3
 3 Shadow Strike
 3
 3 Blink
 1
 1 Spirit of Vengeance
 1
 1 Fan of Knives
                | Assign group hotkey | 567 |  | 
| Build / train | 76 |  | 
| ESC pressed | 1 |  | 
| Enter build submenu | 35 |  | 
| Enter hero's abilities submenu | 8 |  | 
| Give item / drop item | 3 |  | 
| Remove unit from queue | 4 |  | 
| Right click | 2885 |  | 
| Select / deselect | 331 |  | 
| Select group hotkey | 30 |  | 
| Use ability | 188 |  | 
                4128 total
 » units 
                » upgrades
                
                | Nature's Blessing | 1 |  | 
| Ultravision | 1 |  | 
| Well Spring | 1 |  | 
| Strength of the Wild | 3 |  | 
| Reinforced Hides | 3 |  | 
                9 total
 » buildings
                
                | Altar of Elders | 3 |  | 
| Moon Well | 10 |  | 
| Tree of Life | 2 |  | 
| Tree of Ages | 1 |  | 
| Hunter's Hall | 1 |  | 
| Tree of Eternity | 2 |  | 
| Ancient of Wonders | 1 |  | 
| Ancient of Wind | 3 |  | 
| Chimaera Roost | 2 |  | 
                25 total
 » build order
                00:19 Altar of Elders
00:23 Moon Well
02:04 Moon Well
04:11 Tree of Life
05:39 Moon Well
05:40 Moon Well
06:15 Tree of Ages
08:05 Hunter's Hall
09:35 Tree of Eternity
09:35 Tree of Eternity
10:56 Ancient of Wonders
11:19 Ancient of Wind
15:06 Tree of Life
17:53 Chimaera Roost
18:00 Chimaera Roost
18:02 Ancient of Wind
18:05 Ancient of Wind
18:09 Moon Well
18:10 Moon Well
35:06 Altar of Elders
35:08 Altar of Elders
35:47 Moon Well
35:48 Moon Well
35:50 Moon Well
35:52 Moon Well
» items
                
                | Boots of Speed | 1 |  | 
| Staff of Teleportation | 1 |  | 
| Orb of Venom | 1 |  | 
| Scroll of Town Portal | 1 |  | 
                4 total
  team 2 (loser) 
              
               Gulag
Gulag (
green | 70 APM | 4164 actions | 59:52)
              
 6 Archmage
 6 Archmage  3
 3 Summon Water Elemental
 2
 2 Brilliance Aura
 1
 1 Mass Teleport
 4 Mountain King
 4 Mountain King  2
 2 Storm Bolt
 1
 1 Bash
 1
 1 Thunder Clap
 4 Paladin
 4 Paladin  2
 2 Holy Light
 2
 2 Devotion Aura
 2 Keeper of the Grove
 2 Keeper of the Grove  1
 1 Entangling Roots
 1
 1 Thorns Aura
 1 Priestess of the Moon
 1 Priestess of the Moon  1
 1 Starfall
 1 Tauren Chieftain
 1 Tauren Chieftain  1
 1 Endurance Aura
                | Assign group hotkey | 38 |  | 
| Basic commands | 219 |  | 
| Build / train | 103 |  | 
| ESC pressed | 4 |  | 
| Enter build submenu | 41 |  | 
| Enter hero's abilities submenu | 20 |  | 
| Right click | 1585 |  | 
| Select / deselect | 1170 |  | 
| Select group hotkey | 859 |  | 
| Use ability | 125 |  | 
                4164 total
 » units 
                
                | Peasant | 18 |  | 
| Rifleman | 8 |  | 
| Dragonhawk Rider | 8 |  | 
| Gryphon Rider | 11 |  | 
| Siege Engine | 9 |  | 
| Chimaera | 1 |  | 
| Mortar Team | 3 |  | 
                58 total
 » upgrades
                
                | Gunpowder | 2 |  | 
| Lumber Harvesting | 2 |  | 
| Cloud | 1 |  | 
| Swords | 3 |  | 
| Animal War Training | 1 |  | 
| Storm Hammers | 1 |  | 
| Barrage | 1 |  | 
| Masonry | 2 |  | 
| Armor | 1 |  | 
                14 total
 » buildings
                
                | Altar of Kings | 1 |  | 
| Farm | 11 |  | 
| Barracks | 1 |  | 
| Blacksmith | 1 |  | 
| Lumber Mill | 1 |  | 
| Scout Tower | 7 |  | 
| Arcane Vault | 1 |  | 
| Guard Tower | 3 |  | 
| Keep | 1 |  | 
| Castle | 1 |  | 
| Gryphon Aviary | 2 |  | 
| Town Hall | 2 |  | 
| Workshop | 3 |  | 
                35 total
 » build order
                00:04 Altar of Kings
00:09 Farm
00:44 Barracks
01:12 Blacksmith
01:51 Farm
02:04 Lumber Mill
02:19 Farm
02:33 Scout Tower
03:10 Arcane Vault
03:19 Guard Tower
04:22 Keep
04:27 Farm
05:10 Scout Tower
06:12 Farm
06:23 Guard Tower
06:45 Farm
08:06 Castle
08:21 Gryphon Aviary
08:23 Gryphon Aviary
09:26 Town Hall
11:35 Farm
11:37 Farm
11:38 Farm
11:39 Farm
14:03 Farm
15:58 Town Hall
22:23 Workshop
22:27 Workshop
23:31 Workshop
25:07 Scout Tower
26:25 Scout Tower
26:27 Scout Tower
26:59 Guard Tower
27:01 Scout Tower
27:03 Scout Tower
» items
                
                | Scroll of Regeneration | 1 |  | 
| Lesser Clarity Potion | 1 |  | 
| Scroll of Town Portal | 2 |  | 
                4 total
  
              
               H0RT53X
H0RT53X (
purple | 75 APM | 3033 actions | 40:30)
              
 11 Tauren Chieftain
 11 Tauren Chieftain  3
 3 Shockwave
 3
 3 Endurance Aura
 3
 3 War Stomp
 2
 2 Reincarnation
                | Assign group hotkey | 109 |  | 
| Basic commands | 158 |  | 
| Build / train | 110 |  | 
| Enter build submenu | 34 |  | 
| Enter hero's abilities submenu | 8 |  | 
| Give item / drop item | 7 |  | 
| Remove unit from queue | 2 |  | 
| Right click | 1800 |  | 
| Select / deselect | 416 |  | 
| Select group hotkey | 249 |  | 
| Use ability | 140 |  | 
                3033 total
 » units 
                
                | Peon | 24 |  | 
| Grunt | 8 |  | 
| Troll Batrider | 23 |  | 
                55 total
 » upgrades
                
                | Armor | 1 |  | 
| Berserker Strength | 1 |  | 
| Liquid Fire | 1 |  | 
| Ranged Weapons | 1 |  | 
                4 total
 » buildings
                
                | Altar of Storms | 1 |  | 
| Orc Burrow | 7 |  | 
| Barracks | 1 |  | 
| Voodoo Lounge | 1 |  | 
| War Mill | 2 |  | 
| Stronghold | 1 |  | 
| Great Hall | 4 |  | 
| Beastiary | 4 |  | 
| Fortress | 1 |  | 
| Watch Tower | 13 |  | 
                35 total
 » build order
                00:05 Altar of Storms
00:08 Orc Burrow
00:37 Barracks
01:37 Orc Burrow
01:54 Voodoo Lounge
02:39 War Mill
04:19 Stronghold
05:06 Orc Burrow
05:29 Great Hall
07:53 Beastiary
08:24 Beastiary
09:44 Orc Burrow
10:37 Fortress
12:07 Orc Burrow
12:43 Orc Burrow
14:06 Orc Burrow
15:54 Great Hall
16:05 War Mill
16:11 Beastiary
16:14 Beastiary
16:18 Watch Tower
21:58 Watch Tower
22:00 Watch Tower
22:01 Watch Tower
22:04 Watch Tower
22:45 Watch Tower
22:49 Watch Tower
22:50 Watch Tower
22:52 Watch Tower
24:56 Watch Tower
24:58 Watch Tower
25:00 Watch Tower
25:02 Watch Tower
30:47 Great Hall
30:50 Great Hall
» items
                
                | Scroll of Speed | 2 |  | 
| Lesser Clarity Potion | 4 |  | 
| Healing Salve | 5 |  | 
| Periapt of Vitality | 2 |  | 
| Tome of Retraining | 2 |  | 
| Scroll of Town Portal | 8 |  | 
| Orb of Lightning | 1 |  | 
| Tiny Great Hall | 1 |  | 
| Boots of Speed | 1 |  | 
| Potion of Mana | 2 |  | 
| Potion of Healing | 1 |  | 
| Potion of Invisibility | 1 |  | 
                30 total
  
              
               J.westfall
J.westfall (
pink | 65 APM | 2494 actions | 38:34)
              
 5 Priestess of the Moon
 5 Priestess of the Moon  3
 3 Trueshot Aura
 2
 2 Searing Arrows
 2 Keeper of the Grove
 2 Keeper of the Grove  1
 1 Entangling Roots
 1
 1 Thorns Aura
                | Assign group hotkey | 81 |  | 
| Basic commands | 241 |  | 
| Build / train | 90 |  | 
| Enter build submenu | 33 |  | 
| Enter hero's abilities submenu | 8 |  | 
| Remove unit from queue | 2 |  | 
| Right click | 952 |  | 
| Select / deselect | 523 |  | 
| Select group hotkey | 452 |  | 
| Use ability | 111 |  | 
                2494 total
 » units 
                
                | Wisp | 31 |  | 
| Huntress | 9 |  | 
| Hippogryph | 3 |  | 
| Chimaera | 7 |  | 
                50 total
 » upgrades
                
                | Strength of the Moon | 1 |  | 
| Strength of the Wild | 3 |  | 
| Reinforced Hides | 1 |  | 
| Sentinel | 1 |  | 
| Corrosive Breath | 1 |  | 
| Nature's Blessing | 1 |  | 
                8 total
 » buildings
                
                | Altar of Elders | 1 |  | 
| Moon Well | 8 |  | 
| Hunter's Hall | 1 |  | 
| Ancient of War | 2 |  | 
| Tree of Ages | 3 |  | 
| Ancient of Wind | 2 |  | 
| Tree of Life | 1 |  | 
| Tree of Eternity | 2 |  | 
| Ancient of Wonders | 1 |  | 
| Ancient Protector | 12 |  | 
| Chimaera Roost | 3 |  | 
                36 total
 » build order
                00:07 Altar of Elders
00:19 Moon Well
01:41 Hunter's Hall
01:47 Ancient of War
01:54 Moon Well
02:14 Ancient of War
02:28 Moon Well
05:25 Moon Well
08:10 Tree of Ages
08:10 Tree of Ages
08:10 Tree of Ages
10:41 Ancient of Wind
10:43 Ancient of Wind
10:58 Moon Well
11:58 Moon Well
12:24 Tree of Life
13:28 Tree of Eternity
13:28 Tree of Eternity
13:49 Ancient of Wonders
15:00 Ancient Protector
15:03 Ancient Protector
15:05 Ancient Protector
15:09 Ancient Protector
15:12 Ancient Protector
15:28 Ancient Protector
17:03 Ancient Protector
17:05 Ancient Protector
17:12 Ancient Protector
17:19 Ancient Protector
18:18 Chimaera Roost
18:23 Chimaera Roost
18:33 Chimaera Roost
20:07 Moon Well
22:16 Moon Well
25:14 Ancient Protector
25:35 Ancient Protector
» items
                
                | Boots of Speed | 1 |  | 
| Staff of Teleportation | 1 |  | 
| Potion of Lesser Invulnerability | 1 |  | 
| Potion of Healing | 1 |  | 
                4 total
   Chat log
          
(02:29 / Allies) dirtmcwordup: ulm
(02:56 / Allies) dirtmcwordup: lum
(07:13 / All) BEAR_AND: miss
(07:23 / All) J.westfall: seriously?
(07:52 / All) J.westfall: un fucking real
(08:01 / All) BEAR_AND: lol & lmao
(08:36 / Allies) Mata.: treant may not root there
(08:41 / Allies) Mata.: that's a sound ih aven't heard in a while
(09:02 / Allies) Mata.: so are orcs and elves
(09:21 / Allies) Mata.: i dunno fair use?
(09:48 / Allies) Mata.: ogre lords
(09:50 / Allies) Mata.: and lusters
(09:52 / Allies) Mata.: and some zerkers
(11:15 / Allies) dirtmcwordup: lum
(12:30 / Allies) Mata.: a noobris
(12:37 / Allies) Mata.: send a team timg
(13:39 / Allies) Mata.: he cant look at you
(13:40 / Allies) Mata.: constantly
(13:42 / Allies) Mata.: just staff
(13:53 / Allies) Mata.: prob but is worth a shot
(13:57 / Allies) Mata.: hahahahaha
(14:05 / Allies) Mata.: the critter
(14:23 / Allies) Mata.: tower
(14:41 / Allies) Mata.: tower it anyway
(16:22 / Allies) Mata.: gay.
(17:35 / All) J.westfall: have you no lives?
(17:39 / All) BEAR_AND: huh
(18:54 / Allies) Mata.: fag got a tome of power
(19:24 / Allies) Mata.: like i was saynig
(19:30 / Allies) Mata.: fag got a tome of power and is now 6
(20:01 / Allies) Mata.: what a lucker!
(23:16 / Allies) Mata.: save it
(23:17 / Allies) Mata.: i got wells
(24:28 / All) BEAR_AND: lmao lmfao
(24:32 / All) BEAR_AND: fucking lmao
(25:27 / Allies) Mata.: will distracvt
(26:10 / Allies) Mata.: kotg
(26:33 / Allies) Mata.: hope he bought something big
(26:58 / Allies) Mata.: dont stop
(27:17 / All) J.westfall: seriously, whats the point of this?
(27:19 / Allies) Mata.: cannons are sweet
(27:24 / All) BEAR_AND: pwnage.... and ownage.
(27:31 / All) H0RT53X: not even
(27:38 / All) BEAR_AND: what then.....,mega pwn?
(27:45 / All) BEAR_AND: notheng short of Mega Pwn
(27:50 / All) BEAR_AND: gonna add u all to the pwn list
(28:01 / All) H0RT53X: I see you typing
(28:05 / Allies) Mata.: see?
(28:06 / All) H0RT53X: but just shit is showing up on my screen
(28:08 / Allies) Mata.: told you cannon towers was good idea
(28:10 / All) BEAR_AND: bwahahahahha
(28:12 / All) BEAR_AND: where's ur exp./
(29:04 / Allies) Mata.: damn son
(29:15 / Allies) BEAR_AND: got it
(29:18 / All) BEAR_AND: luck?
(29:21 / All) BEAR_AND: bwghahahahahahhahahahahah
(29:24 / All) BEAR_AND: hahahhahahahahahhahahahahahahha
(30:08 / Allies) Mata.: nothnig
(30:44 / Allies) Mata.: green has o worker...
(30:45 / Allies) Mata.: no
(30:55 / Allies) Mata.: need bats and shit
(31:12 / All) Mata.: gg ;)
(31:20 / All) BEAR_AND: bye fatso:)
(31:45 / All) Mata.: hahaha
(31:59 / Allies) Mata.: i like long range strikes
(32:06 / Allies) Mata.: warden just stops and is all "heh"
(32:10 / All) J.westfall: you guys seriously have no life.
(32:13 / All) BEAR_AND: lmao
(32:16 / All) BEAR_AND: bye fat child
(32:17 / All) BEAR_AND: begone
(32:18 / All) dirtmcwordup: da fuck is dat
(32:19 / All) BEAR_AND: noop
(32:29 / All) BEAR_AND: anyone got facebook.  want to see my glamourous life? u won't even believe it.
(32:32 / All) J.westfall: Think that shit takes skill?
(32:39 / All) Gulag: LOL
(32:48 / Allies) Mata.: i'll try to de stract
(33:14 / Allies) Mata.: build ffs
(33:19 / Allies) Mata.: while their heroes are dead
(34:16 / All) BEAR_AND: bye
(34:22 / Allies) Mata.: pala has no divshiedl
(34:23 / All) H0RT53X: nice TC
(34:26 / All) BEAR_AND: ty
(34:26 / All) H0RT53X: learn to lvl
(34:28 / All) BEAR_AND: lmao
(34:36 / All) J.westfall: such a pro
(34:40 / All) BEAR_AND: learn to Win
(34:44 / All) BEAR_AND: watch my replays
(34:48 / All) BEAR_AND: highper.ch for all replay like me
(35:02 / All) J.westfall: replays like you? meaning fucking asian nerds?
(35:05 / All) BEAR_AND: i'm white
(35:10 / All) BEAR_AND: nothing wrong with asians tho......
(35:22 / All) H0RT53X: are you still talking?
(35:26 / All) BEAR_AND: are you still losing?
(35:29 / All) BEAR_AND: ouch,......
(35:31 / All) BEAR_AND: maybe that was too harsh
(35:50 / All) J.westfall: you seriously get off to this shit.
(35:56 / All) J.westfall: putting up towers, then talking shit to people.
(35:59 / All) BEAR_AND: what, small fat children crying?>
(36:01 / Allies) Mata.: i dunno we do
(36:02 / All) BEAR_AND: p[retty funny to me.
(36:12 / All) BEAR_AND: quick. ur expo
(36:17 / All) BEAR_AND: oops
(36:19 / All) BEAR_AND: too lsow
(36:29 / Allies) Mata.: haha
(36:43 / Allies) Mata.: wasn't expecting us to get both expos this game
(36:46 / Allies) BEAR_AND: me either
(36:53 / Allies) BEAR_AND: we're playing our A game
(37:02 / Allies) BEAR_AND: that means "asshole game" :-)
(37:08 / Allies) Mata.: >:-)
(37:23 / Allies) Mata.: gryph
(37:25 / Allies) Mata.: more bat i guess
(37:28 / Allies) BEAR_AND: i got 12
(37:30 / Allies) BEAR_AND: just say where
(37:39 / Allies) Mata.: well here is gryph
(37:51 / All) J.westfall: nerd
(37:53 / All) BEAR_AND: lmao
(37:56 / All) BEAR_AND: i don't even have to say anything
(38:00 / All) BEAR_AND: you just submit to the pwnage
(38:12 / All) H0RT53X: because youve been yammering all game you twit
(38:17 / All) BEAR_AND: seriously.  did u see that shockwave
(38:20 / All) BEAR_AND: that was like 7 towers
(38:22 / Allies) Mata.: bear get forty ups
(38:25 / All) J.westfall: pro!
(38:26 / Allies) Mata.: they got mass air
(38:28 / All) H0RT53X: you act like I care
(38:30 / All) H0RT53X: in the least
(38:33 / Allies) Mata.: yes like dozens of gryph
(38:33 / All) BEAR_AND: you're still playing....
(38:35 / All) BEAR_AND: you care...
(38:46 / All) Mata.: lmormo :D
(38:50 / All) BEAR_AND: fuck
(38:50 / All) H0RT53X: MUTED
(38:51 / All) BEAR_AND: lmfao
(38:51 / All) dirtmcwordup: ahahhahahaha
(38:52 / All) BEAR_AND: lmao
(38:55 / All) BEAR_AND: hahhahahahahhahahahahahhahaha
(39:03 / All) BEAR_AND: bwahahhahahahahahhahahahah do you mean "squelch" you redneck.
(39:15 / All) H0RT53X: hey cocksucker
(39:19 / All) H0RT53X: you can hear me
(39:20 / All) dirtmcwordup: Dats me
(39:22 / All) H0RT53X: talking shit to you
(39:23 / All) dirtmcwordup: i love dick eeeeeeeeeehehe
(39:25 / All) H0RT53X: but you cant say SHIT
(39:35 / All) BEAR_AND: saying shit 2 u right now....."shit"
(40:02 / All) H0RT53X: SURPRISE DICK HEAD
(40:08 / All) BEAR_AND: bwahahahahah
(40:10 / All) Mata.: hhe surprise
(40:11 / All) BEAR_AND: surprise 4 bats
(40:15 / All) Mata.: was that the surprise
(40:21 / All) H0RT53X: he couldnt solo me
(40:28 / All) BEAR_AND: surprise you have hp cookies
(40:30 / All) Mata.: and you had to bring bats
(40:35 / All) BEAR_AND: oop
(40:36 / All) Mata.: lol!
(40:41 / All) BEAR_AND: lol lmao!
(41:39 / All) BEAR_AND: gulag....do you really want to stya.
(41:51 / Allies) Mata.: well he does now i bet
(41:57 / Allies) dirtmcwordup: this a cc
(41:59 / Allies) dirtmcwordup: cozy community.
(42:10 / Allies) dirtmcwordup: hi im mayor azgalor wat can i do for u
(42:21 / Allies) dirtmcwordup: cozy communites are best kind
(42:42 / All) Gulag: LOL
(43:00 / Allies) Mata.: yo i gotta go
(43:04 / Allies) BEAR_AND: bye
(43:04 / Allies) Mata.: want me to leave / give gold / stay afk?
(43:09 / Allies) dirtmcwordup: whatevs u want.
(43:10 / Allies) BEAR_AND: stay afk give gold mayb?
(43:50 / Allies) Mata.: make chim when you feel like ending it
(43:52 / Allies) Mata.: peace
(43:57 / All) dirtmcwordup: fuck/
(44:03 / All) BEAR_AND: damn
(44:04 / All) BEAR_AND: stink
(44:48 / All) BEAR_AND: where was the entangle.  i mean come on.
(46:17 / All) BEAR_AND: pitiful.
(48:12 / All) BEAR_AND: listen; pit lord is Kenan
(48:17 / All) BEAR_AND: and look @ tc...
(48:22 / All) dirtmcwordup: tc is kel
(48:28 / All) dirtmcwordup: keenan & kel.
(53:09 / All) dirtmcwordup: ahem
(53:49 / All) BEAR_AND: hmm, hemmmmmrmmm how much gold u got
(55:57 / All) dirtmcwordup: hope u can keep making chimbo LOL